 Dungeon Crawl Stone Soup version 0.27.1-4-g1640c2035a (webtiles) character file.

Game seed: 4044762498305145076

86 iamoutofideas the Firebug (level 4, -1/30 HPs)
             Began as a Demonspawn Fire Elementalist on Nov 10, 2021.
             Shot with an arrow by a centaur (15 damage)
             ... on level 3 of the Dungeon.
             The game lasted 00:03:31 (3732 turns).

iamoutofideas the Firebug (DsFE)                    Turns: 3732, Time: 00:03:32

Health: -1/30      AC:  2    Str:  9    XL:     4   Next: 26%
Magic:  6/8        EV: 12    Int: 17    God:
Gold:   96         SH:  4    Dex: 13    Spells: 5/9 levels left

rFire    . . .     SeeInvis .   k - +1 short sword (protect)
rCold    . . .     Faith    .   (no shield)
rNeg     . . .     Spirit   .   a - +0 robe
rPois    .         Reflect  .   (no helmet)
rElec    .         Harm     .   (no cloak)
rCorr    .         Rampage  .   (no gloves)
Will     .....                  (no boots)
Stlth    ++........             (no amulet)
HPRegen  0.10/turn              (no ring)
MPRegen  0.11/turn              (no ring)

@: very slightly contaminated
A: condensation shield
a: no special abilities


You were on level 3 of the Dungeon.
You visited 1 branch of the dungeon, and saw 3 of its levels.

You collected 96 gold pieces.

Inventory:

Hand Weapons
 k - a +1 short sword of protection (weapon)
Missiles
 l - 8 poisoned darts (quivered)
Armour
 a - a +0 robe (worn)
Wands
 h - a wand of iceblast (1)
Scrolls
 b - a scroll of holy word {unknown}
 d - 6 scrolls of identify {unknown}
 f - a scroll of teleportation {unknown}
 g - a scroll of blinking {unknown}
 j - 2 scrolls of magic mapping {unknown}
Potions
 c - a potion of lignification {unknown}
 e - 2 potions of heal wounds {unknown}
 i - a potion of ambrosia {unknown}


   Skills:
 + Level 0.2 Fighting
 + Level 1.8 Dodging
 - Level 1.7 Stealth
 + Level 0.1 Shields
 + Level 0.1 Unarmed Combat
 * Level 3.0 Spellcasting
 + Level 1.6 Conjurations
 + Level 3.6 Fire Magic


You had 5 spell levels left.
You knew the following spells:

 Your Spells              Type           Power      Damage    Failure   Level
a - Foxfire               Conj/Fire      44%        2x1d6     6%          1
b - Conjure Flame         Conj/Fire      11%        6-21      19%         3

Your spell library contained the following spells:

 Spells                   Type           Power      Damage    Failure   Level
 Inner Flame              Hex/Fire       8%         N/A       24%         3
 Sticky Flame             Conj/Fire      11%        2d3       52%         4
 Fireball                 Conj/Fire      5%         3d5       86%         5


Dungeon Overview and Level Annotations

Branches:
Dungeon (3/15)

Altars:

Shops:
D:1 *?!([

Annotations:
D:2 exclusion: downstairs
D:3 Grinder


Innate Abilities, Weirdness & Mutations

A meltable shield of frost defends you. (SH +4)


Message History

Confirm with . or Enter, or press ? or * to list all spells.
You conjure some foxfire!
The foxfire hits the kobold.
The kobold is moderately wounded.
The foxfire hits the kobold but does no damage.
The kobold is moderately wounded.
The foxfire hits the kobold but does no damage.
The kobold is moderately wounded.
Casting: Foxfire (safe; 6% risk of failure)
Confirm with . or Enter, or press ? or * to list all spells.
You conjure some foxfire!
The foxfire hits the kobold.
You kill the kobold!
Casting: Foxfire (safe; 6% risk of failure)
Confirm with . or Enter, or press ? or * to list all spells.
You conjure some foxfire!
Your foxfire dissipates!
Your foxfire dissipates!
Things that are here:
a +1 short sword of protection; 8 poisoned darts
k - a +1 short sword of protection;
l - 8 poisoned darts Your +1 short sword of protection hums with potential!
k - a +1 short sword of protection (weapon)
Found a scroll labelled ICA WUKOPLAUF.
A centaur comes into view.
The centaur shouts!
The centaur wields a +0 shortbow.
The centaur shoots an arrow.
The arrow hits you.
A centaur is nearby!
A centaur is nearby!
Casting: Foxfire (safe; 6% risk of failure)
Confirm with . or Enter, or press ? or * to list all spells.
You miscast Foxfire.
You are very lightly contaminated with residual magic.
Nothing appears to happen.
The centaur shoots an arrow.
The arrow barely misses you.
The centaur shoots an arrow.
The arrow hits you!
Unknown command.
Casting: Foxfire (safe; 6% risk of failure)
Confirm with . or Enter, or press ? or * to list all spells.
You conjure some foxfire!
The centaur shoots an arrow.
The arrow hits you!
Ouch! That really hurt!
You die...

#.# #....÷'...').
#.# #.....#...#..
#.# +.....#...#..
########.#
#+#####...###
.........#
#..#...#..
######..##
#..'...÷.. ##.##
####...### #vv#
##.###. ##@#
#...##.
#........###...##.
.........+........
###.....?.##....##.
....... #....##.
......c #....##.
..##### #....##.
#.# #....### #....#


You could see a centaur (ally target).

Vanquished Creatures
  5 adders
  A worm (D:2)
  A dart slug (D:1)
  An endoplasm (D:1)
  2 giant cockroaches (D:2)
  3 goblins
  3 hobgoblins (D:1)
  3 jackals (D:1)
  6 ball pythons
  3 bats
  4 frilled lizards
  6 kobolds
  3 rats
41 creatures vanquished.

Vanquished Creatures (others)
  165 foxfires
165 creatures vanquished.

Grand Total: 206 creatures vanquished

Notes
Turn   | Place    | Note
-------+----------+-------------------------------------------
     0 | D:1      | iamoutofideas the Demonspawn Fire Elementalist began the
                  | quest for the Orb.
     0 | D:1      | Reached XP level 1. HP: 13/13 MP: 3/3
    64 | D:1      | Found Sicut's Magic Scroll Emporium.
   174 | D:1      | Found Qopi Mujyso's Assorted Antiques.
   557 | D:1      | Found Duthrur's Antique Weapon Shoppe.
   564 | D:1      | Gained mutation: A meltable shield of frost defends you.
                  | (SH +4) [demonic ancestry]
   564 | D:1      | Reached XP level 2. HP: 18/19 MP: 0/5
   786 | D:1      | Found Ulexagh's Armour Emporium.
  1259 | D:1      | Found Dutiumom's Distillery.
  2488 | D:2      | Reached XP level 3. HP: 24/24 MP: 0/6
  3072 | D:3      | Noticed Grinder
  3078 | D:3      | Paralysed by Grinder for 2 turns
  3214 | D:2      | Learned a level 3 spell: Conjure Flame
  3411 | D:3      | Reached XP level 4. HP: 5/30 MP: 0/8
  3730 | D:3      | Noticed a centaur
  3732 | D:3      | Shot with an arrow by a centaur

Illustrated notes

Levels and vault maps discovered:
D:1:      heliophobic_arrival_enchanted_forest, layout_loops_corners,
          serial_shops, shop, nicolae_shop_stone, shop, nicolae_shop_waterfront,
          nicolae_shop_trees
D:2:      layout_loops_cross, dk_noncrumbling_4
D:3:      layout_basic, makhleb_altar_promises_db, minmay_snake_closets,
          uniq_grinder

Skill      XL: |  1  2  3 |
---------------+----------+-----
Fire Magic     | 3 |  3.6
Spellcasting   | 3 |  3.0
Fighting       | |  0.2
Dodging        | |  1.8
Stealth        | |  1.7
Shields        | |  0.1
Unarmed Combat | |  0.1
Conjurations   | |  1.6

Action                   |  1- 3 |  4- 6 || total
-------------------------+-------+-------++-------
Melee: Unarmed           |    29 |       ||    29
 Cast: Foxfire           |   101 |    10 ||   111
  Use: Potion            |       |     1 ||     1
Armor: Robe              |    21 |       ||    21
Dodge: Dodged            |    58 |    10 ||    68
Block: Other             |    13 |     1 ||    14
